 Dungeon Crawl Stone Soup version 0.32-a0-818-gb728d0252e (webtiles) character file.

Game seed: 6405375090020910255

2494 wilfster70 the Cleaver (level 9, -7/60 HPs)
             Began as a Gargoyle Fighter on Mar 23, 2024.
             Was an Initiate of Gozag.
             Mangled by a yak (12 damage)
             ... on level 8 of the Dungeon.
             The game lasted 00:16:37 (7807 turns).

wilfster70 the Cleaver (Gargoyle Fighter)           Turns: 7807, Time: 00:16:38

Health: -7/60      AC: 22    Str: 21    XL:     9   Next: 52%
Magic:  9/9        EV:  4    Int: 12    God:    Gozag
Gold:   108        SH:  4    Dex:  9    Spells: 8/8 levels left

rFire   . . .        b - +0 war axe
rCold   + . .        c - +0 buckler
rNeg    + + .        i - +0 plate armour
rPois   ∞            I - +1 helmet
rElec   +            C - +0 cloak
rCorr   .            (no gloves)
SInv    .            q - +0 pair of boots
Will    .....        (no amulet) Stlth
                     p - ring of protection from cold
HPRegen 0.30/turn    e - ring of positive energy
MPRegen 0.11/turn

%: no passive effects
@: gold aura
A: sickness immunity, AC +6, negative energy resistance 1, electricity
resistance, torment resistance 1, petrification resistance
a: Renounce Religion, Potion Petition, Call Merchant, Bribe Branch


You were on level 8 of the Dungeon.
You worshipped Gozag.
Gozag was aware of your devotion.
You visited 2 branches of the dungeon, and saw 9 of its levels.
You also visited: Ossuary.

You collected 576 gold pieces.
You spent 377 gold pieces at shops.
You paid 91 gold pieces to Gozag.

Inventory:

Hand Weapons
 b - a +0 war axe (weapon)
 m - a +0 flail
Missiles
 k - 2 throwing nets (quivered)
Armour
 c - a +0 buckler (worn)
 i - a +0 plate armour (worn)
 q - a +0 pair of boots (worn)
 C - a +0 cloak (worn)
 I - a +1 helmet (worn)
Jewellery
 e - a ring of positive energy (right hand)
 p - a ring of protection from cold (left hand)
Wands
 s - a wand of charming (20)
 t - a wand of flame (13)
Scrolls
 a - 4 scrolls of poison
 f - 2 scrolls of immolation
 g - a scroll of fear
 r - a scroll of identify
 v - a scroll of silence
 w - a scroll of teleportation
 y - 2 scrolls of enchant weapon {unknown}
 z - a scroll of brand weapon {unknown}
 A - 2 scrolls of revelation
 D - a scroll of fog
 F - a scroll of amnesia {unknown}
 H - a scroll of blinking {unknown}
Potions
 d - 3 potions of might
 h - 5 potions of brilliance
 j - 2 potions of curing
 l - 4 potions of enlightenment {unknown}
 n - a potion of berserk rage {unknown}
 o - 3 potions of heal wounds
 u - 2 potions of cancellation {unknown}
 x - a potion of lignification {unknown}
 B - 3 potions of mutation {unknown}
 E - a potion of ambrosia {unknown}
 G - a potion of haste {unknown}


   Skills:
 + Level 8.7 Fighting
 * Level 9.6 Axes
 - Level 3.2 Armour
 - Level 3.2 Shields


You had 8 spell levels left.
You didn't know any spells.
Your spell library contained the following spells:

 Spells                   Type           Power      Damage    Failure   Level
 Necrotise                Necr           0%         1d4       100%        1
 Slow                     Hex            0%         N/A       100%        1
 Sting                    Conj/Alch      0%         1d3       100%        1
 Summon Small Mammal      Summ           0%         N/A       100%        1
 Jinxbite                 Hex            0%         N/A       100%        2
 Lesser Beckoning         Tloc           0%         N/A       100%        2
 Mercury Vapours          Alch/Air       0%         N/A       100%        2
 Call Canine Familiar     Summ           0%         N/A       100%        3
 Confusing Touch          Hex            0%         N/A       100%        3
 Gell's Gravitas          Tloc           0%         N/A       100%        3
 Teleport Other           Tloc           0%         N/A       100%        3
 Vampiric Draining        Necr           0%         2d6       100%        3
 Martyr's Knell           Necr/Summ      0%         N/A       100%        4
 Olgreb's Toxic Radiance  Alch           0%         N/A       100%        4
 Summon Blazeheart Golem  Fire/Summ      0%         N/A       100%        4
 Curse of Agony           Necr           0%         N/A       100%        5
 Summon Forest            Summ/Tloc      0%         N/A       100%        5
 Yara's Violent Unravell  Hex/Alch       0%         3d3       100%        5
 Eringya's Noxious Bog    Alch           0%         4d6       100%        6
 Enfeeble                 Hex            0%         N/A       100%        7
 Summon Hydra             Summ           0%         N/A       100%        7


Dungeon Overview and Level Annotations

Branches:
Dungeon (8/15)             Temple (1/1) D:6         Ossuary (visited)
   Lair: D:8-11

Altars:
Ashenzari
Cheibriados
Dithmenos
Elyvilon
Fedhas
Gozag
Hepliaklqana
Kikubaaqudgha
Makhleb
Nemelex Xobeh
Qazlal
Ru
Sif Muna
Trog
Uskayaw
Vehumet
Wu Jian
Xom
Yredelemnul
Zin
The Shining One

Shops:
D:2 [

Portals:
Abyss: D:6

Annotations:
D:3 Grinder
D:6 2 transporters, 2 runed translucent doors, Twiddyhohoho's ghost, amateur MfSh


Innate Abilities, Weirdness & Mutations

You are immune to sickness and miasma.
Your stone body is resilient. (AC +6)
You are immune to poison.
You resist negative energy. (rN+)
You are resistant to electric shocks. (rElec)
You are resistant to unholy torment.
You are immune to petrification.


Message History

You hit the yak. The yak gores you. The yak gores you but does no damage.
You hit the yak but do no damage.
The yak is almost dead.
You barely miss the yak.
The yak gores you but does no damage. x3
The yak gores you.
You barely miss the yak.
The yak is almost dead.
You barely miss the yak. The yak gores you.
* * * LOW HITPOINT WARNING * * *
You block the yak's attack.
You closely miss the yak.
The yak is almost dead.
You barely miss the yak. You block the yak's attack.
The yak completely misses you.
You barely miss the yak.
The yak is almost dead.
You hit the yak. The yak gores you!
* * * LOW HITPOINT WARNING * * *
The yak gores you but does no damage.
You slash the yak!
You kill the yak!
You slash the yak! You slash the yak!
The yak is moderately wounded.
You barely miss the yak. The yak gores you.
* * * LOW HITPOINT WARNING * * *
The yak gores you but does no damage.
You slash the yak!
The yak is heavily wounded.
You hit the yak. You block the yak's attack. x2
You hit the yak.
The yak is severely wounded.
You hit the yak. The yak gores you.
* * * LOW HITPOINT WARNING * * *
The yak gores you but does no damage.
You slash the yak!
You kill the yak!
You barely miss the yak. The yak gores you!
You die...
Your body crumbles into a pile of gold.

....... #.##.# #.#
....... #.##.# #.#
.......
#.##.#####.#
.......
#.#........#
.%.Y...
##...###......#
.......###...##
#......#
#..##.#.##
#.......
##$#..#..#
#....... #@Y...#.#
#....... #.....#.#
........
#.....#.#..######.
##.####.. #.# .
..# # #.## . #. .
.


You could see a yak.

Vanquished Creatures
  2 yaks (D:8)
  An acid dragon (D:8)
  An ice beast (D:7)
  An ogre (D:6)
  A kobold brigand (D:8)
  A bullfrog (D:8)
  10 scorpions
  4 wights (D:5)
  2 howler monkeys (D:8)
  3 bombardier beetles
  3 hounds
  Crazy Yiuf (D:5)
  A centaur skeleton (D:4)
  An orc priest (D:8)
  2 jellies
  A sleepcap (D:5)
  A gnoll bouda (D:5)
  2 scorpion zombies (Ossuary)
  Natasha (thrice) (D:4)
  4 iguanas
  2 orc wizards
  A hound skeleton (D:4)
  3 mummies (Ossuary)
  6 adders
  9 gnolls
  2 shadow imps
  3 white imps (D:6)
  4 ufetubi
  2 adder skeletons (D:4)
  5 adder zombies
  A dart slug (D:4)
  25 orcs
  8 bats
  8 endoplasms
  3 giant cockroaches
  3 gnoll zombies (Ossuary)
  4 goblins
  6 hobgoblins
  4 jackals (D:2)
  2 quokkas
  4 ball pythons
  3 ball python zombies (Ossuary)
  3 frilled lizards
  A jackal zombie (Ossuary)
  4 kobolds
  3 orc zombies (Ossuary)
  5 rats
169 creatures vanquished.

Notes
Turn   | Place    | Note
-------+----------+-------------------------------------------
     0 | D:1      | wilfster70 the Gargoyle Fighter began the quest for the
                  | Orb.
     0 | D:1      | Reached XP level 1. HP: 14/14 MP: 1/1
    63 | D:1      | Reached skill level 2 in Axes
    69 | D:1      | Reached XP level 2. HP: 14/19 MP: 2/2
  1153 | D:2      | Found Tooquc's Antique Armour Boutique.
  1211 | D:2      | Reached XP level 3. HP: 17/24 MP: 3/3
  1362 | D:2      | Reached skill level 3 in Axes
  1698 | D:3      | Reached XP level 4. HP: 28/29 MP: 4/4
  1811 | D:3      | Noticed Grinder
  1814 | D:3      | Paralysed by Grinder for 2 turns
  1970 | D:3      | Reached XP level 5. HP: 24/34 MP: 5/5
  2034 | D:4      | Reached skill level 4 in Axes
  2394 | D:4      | Noticed Natasha
  2407 | D:4      | Killed Natasha
  2412 | D:4      | Reached skill level 5 in Fighting
  2412 | D:4      | Reached XP level 6. HP: 37/40 MP: 6/6
  2434 | D:4      | Identified the +7 dagger of Massacring {pain, rPois rCorr
                  | Dex+3}
  2570 | D:4      | Reached skill level 5 in Axes
  2924 | D:4      | Noticed Natasha
  2930 | D:4      | Killed Natasha
  3786 | D:4      | Noticed Natasha
  3801 | D:4      | Killed Natasha
  3802 | D:4      | Reached XP level 7. HP: 21/44 MP: 7/7
  3899 | D:5      | Entered Level 5 of the Dungeon
  4122 | D:5      | Found a sand-covered staircase.
  4150 | D:5      | HP: 1/45 [burnt (6)]
  4153 | Ossuary  | Entered an ossuary
  4208 | Ossuary  | Reached skill level 6 in Axes
  4433 | Ossuary  | Reached XP level 8. HP: 41/52 MP: 8/8
  4446 | Ossuary  | Reached skill level 7 in Axes
  5076 | D:5      | Reached skill level 8 in Axes
  5292 | D:5      | Found a runed translucent door.
  5293 | D:5      | Noticed Crazy Yiuf
  5300 | D:5      | Killed Crazy Yiuf
  5550 | D:6      | Found a glowing silver altar of Zin.
  5611 | D:6      | Found a one-way gate to the infinite horrors of the Abyss.
  5611 | D:6      | Noticed Twiddyhohoho's ghost (amateur MfSh)
  5841 | D:6      | Found a transporter.
  5889 | D:6      | Found a transporter.
  6003 | D:6      | Reached XP level 9. HP: 58/59 MP: 9/9
  6049 | D:6      | Found a staircase to the Ecumenical Temple.
  6061 | Temple   | Entered the Ecumenical Temple
  6075 | Temple   | Became a worshipper of Gozag Ym Sagoz the Greedy
  6259 | D:6      | Found a large runed translucent door.
  6259 | D:6      | Found a large runed translucent door.
  6271 | D:6      | Noticed a komodo dragon
  6278 | D:6      | Found a large runed translucent door.
  6278 | D:6      | Found a large runed translucent door.
  7211 | D:8      | Reached skill level 9 in Axes
  7270 | D:8      | Found a bloodstained altar of Trog.
  7544 | D:2      | Bought a glowing hat for 182 gold pieces
  7544 | D:2      | Bought a glowing helmet for 195 gold pieces
  7807 | D:8      | Mangled by a yak

Illustrated notes

Levels and vault maps discovered:
D:1:      ncdulo_wetmaze, layout_basic
D:2:      minmay_wonky_spiral, layout_basic, serial_shops, shop,
          amcnicky_mini_rare_corridor_liquid, chequers_garden
D:3:      cheibrodos_helix_gallery, layout_basic, solitary_fountain,
          serial_bayou_ford_a, uniq_grinder
D:4:      layout_loops_ring, dilly_guarded_unrand_morg
D:5:      layout_gridville, nicolae_ossuary_entry_monument,
          minmay_misc_feat_plants, uniq_crazy_yiuf_cottage
D:6:      layout_layer_cave, lemuel_doored_altar, minmay_temple_entry_hall,
          gammafunk_ghost_abyssal_escape, serial_shops, shop,
          hangedman_decor_riveting, minmay_hollow_rounded_squares
D:7:      layout_loops_cross, serial_co_window_serial, co_window_paths_a,
          co_window_paths_a, co_window_paths_a, co_window_of_opportunity_a,
          co_window_of_opportunity_a, co_window_paths_b, co_window_paths_a,
          co_window_2corner, co_window_2corner, co_window_corner_b,
          co_window_sun, co_window_4corner_a, glass_columns_b, glass_columns_a,
          glass_columns_c, glass_columns_b, glass_columns_b
D:8:      cheibrodos_steamvent, layout_rooms, lemuel_tele_altar
Temple:   compressed_dpeg_triangle_lava_temple

Skill      XL: |  1  2  3  4  5  6  7  8  9 |
---------------+----------------------------+-----
Axes           | 2 3 4 5 6 8 9 |  9.6
Fighting       | 4 5 6 7 8 |  8.7
Armour         | |  3.2
Shields        | |  3.2

Action                     |  1- 3 |  4- 6 |  7- 9 || total
---------------------------+-------+-------+-------++-------
  Melee: War axe           |   124 |   126 |   356 ||   606
    Use: Scroll            |     9 |       |     4 ||    13
         Potion            |       |       |     1 ||     1
 Armour: Scale mail        |    11 |       |       ||    11
         Plate armour      |   130 |   190 |   384 ||   704
  Dodge: Dodged            |    35 |    47 |    76 ||   158
  Block: Buckler           |    26 |    37 |    75 ||   138

Table legend: (Time is in decaauts)
 A = Elapsed time spent in this place.
 B = Non-inter-level travel time spent in this place.
 C = Inter-level travel time spent in this place.
 D = Time resting spent in this place.
 E = Time spent auto-exploring this place.
 F = Levels seen in this place.
 G = Mean time per level.
                   A        B        C        D        E       F      G
               +--------+--------+--------+--------+--------+-----+--------+
         Total |   7993 |   7453 |    540 |    967 |   3696 |  10 |  799.3 |
       Dungeon |   7400 |   6870 |    530 |    744 |   3696 |   8 |  925.0 |
        Temple |     24 |     14 |     10 |      0 |      0 |   1 |   24.0 |
       Ossuary |    568 |    568 |      0 |    223 |      0 |   1 |  568.0 |
               +--------+--------+--------+--------+--------+-----+--------+

Top non-repeatable levels by time:
     D:4: 1895 daAuts
     D:5: 978 daAuts
     D:1: 974 daAuts
     D:7: 945 daAuts
     D:6: 832 daAuts
     D:2: 774 daAuts
     D:3: 691 daAuts
 Ossuary: 568 daAuts
     D:8: 309 daAuts
  Temple: 24 daAuts
